 Dungeon Crawl Stone Soup version 0.30-a0-939-gc8157cb160 (webtiles) character file.

Game seed: 6480666285375129121

350721 DeathPants the Convoker (level 22, -4/128 HPs)
             Began as a Vine Stalker Fighter on Mar 25, 2023.
             Was an Initiate of Gozag.
             Killed from afar by a starcursed mass (5 damage)
             ... with an accursed screaming
             ... on level 3 of the Abyss.
             The game lasted 01:55:31 (34930 turns).

DeathPants the Convoker (Vine Stalker Fighter)     Turns: 34930, Time: 01:55:32

Health: -4/128     AC: 21    Str: 26    XL:     22   Next: 21%
Magic:  0/42       EV: 28    Int: 20    God:    Gozag
Gold:   6588       SH: 15    Dex: 22    Spells: 27/51 levels left

rFire   + + .      SeeInvis .    a - +10 flail of the Vase {venom, Str+2}
rCold   x x .      Faith    .    g - +3 warlock's mirror {omnireflect}
rNeg    + . .      Spirit   +    i - +3 salamander hide armour {Flames, rFlCloud rF++ rC--}
rPois   +          Reflect  +    k - +2 helmet
rElec   +          Rampage  +    A - +2 cloak {Will+}
rCorr   .                        M - +2 pair of gloves {Dex+3}
Will    +++..                    Q - +2 pair of boots {rampage}
Stlth   +++                      y - amulet "Rebeph" {Reflect Rampage rPois rF+ Dex+2 SH+5}
HPRegen 0.00/turn                Z - ring "Peokim" {+Blink rElec rN+ Slay+3}
MPRegen 0.28/turn                P - ring of the Seven Allies {EV+5 Str+3 Int+8 Dex-2 Stlth+}

@: mighty, gold aura, sick, invisible
A: fangs 3, regeneration 1, magic shield, antimagic bite, no potion heal 2, heat
vulnerability 1
}: 2/15 runes: barnacled, gossamer
a: Renounce Religion, Evoke Blink, Potion Petition, Call Merchant, Bribe Branch


You were on level 3 of the Abyss.
You worshipped Gozag.
Gozag was greatly pleased with you.
You visited 6 branches of the dungeon, and saw 35 of its levels.
You visited the Abyss 1 time.
You also visited: Bailey, Gauntlet and Wizlab.

You collected 16533 gold pieces.
You spent 6640 gold pieces at shops.
You paid 3305 gold pieces to Gozag.

Inventory:

Hand Weapons
 a - the +10 flail of the Vase (weapon) {venom, Str+2}
   (You took it off an orc knight on level 14 of the Dungeon)

   Str:       It affects your strength (+2).
 b - the +9 mace "Vapairgh" {freeze, Fly Dex+6}
   (You bought it in a shop on level 11 of the Dungeon)

   Dex:       It affects your dexterity (+6).
   Fly:       It grants you flight.
 O - a +4 trishula of holy wrath
Missiles
 s - 4 silver javelins
 u - 9 boomerangs
 v - 5 throwing nets
 I - 6 javelins
Armour
 g - the +3 warlock's mirror (worn) {omnireflect}
   (You acquired it in a bailey)

   Omnireflect: It can block and reflect piercing ranged attacks and magical
   attacks against the wielder's willpower.
 i - the +3 salamander hide armour (worn) {Flames, rFlCloud rF++ rC--}
   (You found it on level 4 of the Dungeon)

   Flames:    It surrounds you with flame clouds and enhances your fire magic.
   rFlCloud:  It grants immunity to flame clouds.
   rF:        It greatly protects you from fire.
   rC:        It makes you very vulnerable to cold.
 k - a +2 helmet (worn)
 z - a +2 cloak of preservation
 A - a +2 cloak of willpower (worn)
 M - a +2 pair of gloves of dexterity (worn)
 Q - a +2 pair of boots of rampaging (worn)
Jewellery
 c - a ring of protection from fire
 f - a ring of protection from cold
 q - a ring of poison resistance
 t - an amulet of regeneration
 y - the amulet "Rebeph" (around neck) {Reflect Rampage rPois rF+ Dex+2 SH+5}
   (You acquired it on level 3 of the Shoals)

   [amulet of reflection]

   It reflects blocked missile attacks.
   Dex:       It affects your dexterity (+2).
   rF:        It protects you from fire.
   rPois:     It protects you from poison.
   SH:        It affects your SH (+5).
   Rampage:   It bestows one free step when moving towards enemies.
 K - the ring "Kuopsooq" {rElec Will+ Str+5 Dex+5}
   (You found it on level 4 of the Shoals)

   [ring of willpower]

   Str:       It affects your strength (+5).
   Dex:       It affects your dexterity (+5).
   rElec:     It insulates you from electricity.
   Will:      It increases your willpower.
 L - a ring of see invisible
 P - the ring of the Seven Allies (right hand) {EV+5 Str+3 Int+8 Dex-2 Stlth+}
   (You found it in a Gauntlet)

   [ring of evasion]

   EV:        It affects your evasion (+5).
   Str:       It affects your strength (+3).
   Int:       It affects your intelligence (+8).
   Dex:       It affects your dexterity (-2).
   Stlth:     It makes you more stealthy.
 V - a +4 ring of slaying
 Z - the ring "Peokim" (left hand) {+Blink rElec rN+ Slay+3}
   (You bought it in a shop on level 2 of the Orcish Mines)

   [ring of positive energy]

   Slay:      It affects your accuracy & damage with ranged weapons and melee
   (+3).
   rElec:     It insulates you from electricity.
   rN:        It protects you from negative energy.
   +Blink:    It lets you blink.
Wands
 R - a wand of digging (10)
Scrolls
 h - 2 scrolls of vulnerability
 l - 8 scrolls of enchant weapon
 p - 20 scrolls of teleportation
 w - 3 scrolls of magic mapping
 x - 4 scrolls of silence
 C - 6 scrolls of fog
 E - 10 scrolls of fear
 G - 2 scrolls of summoning
 J - 2 scrolls of brand weapon
 N - 9 scrolls of identify
 S - 4 scrolls of enchant armour
 T - a scroll of amnesia
 Y - 9 scrolls of blinking
Potions
 d - 2 potions of might
 e - 3 potions of invisibility
 j - 5 potions of resistance
 m - 7 potions of flight
 n - 16 potions of curing
 o - 6 potions of cancellation
 r - 3 potions of lignification
 B - 3 potions of haste
 H - 6 potions of magic
 U - 4 potions of attraction
Miscellaneous
 D - a phial of floods
 F - a phantom mirror
 W - a lightning rod (4/4)
 X - a condenser vane


   Skills:
 + Level 17.7 Fighting
 - Level 14.2 Maces & Flails
 - Level 10.0 Armour
 + Level 14.9 Dodging
 - Level 6.5 Shields
 - Level 15.1 Spellcasting
 + Level 17.8 Summonings
 - Level 5.0 Transmutations


You had 27 spell levels left.
You knew the following spells:

 Your Spells              Type           Power      Damage    Failure   Level
a - Wereblood             Tmut           35%        N/A       1%          2
b - Summon Cactus Giant   Summ           36%        N/A       1%          6
c - Summon Hydra          Summ           36%        N/A       3%          7
d - Dragon's Call         Summ           36%        N/A       98%         9

Your spell library contained the following spells:

 Spells                   Type           Power      Damage    Failure   Level
 Passwall                 Tmut/Erth      20%        N/A       3%          2
 Summon Forest            Summ/Tloc      25%        N/A       4%          5
 Freeze                   Ice            60%        1d7       6%          1
 Slow                     Hex            60%        N/A       6%          1
 Cigotuvi's Dreadful Rot  Necr/Pois/Air  30%        N/A       9%          2
 Ensorcelled Hibernation  Hex/Ice        30%        N/A       9%          2
 Lesser Beckoning         Tloc           30%        N/A       9%          2
 Scorch                   Fire           44%        2d7       9%          2
 Sublimation of Blood     Necr           15%        N/A       9%          2
 Confusing Touch          Hex            15%        N/A       17%         3
 Frozen Ramparts          Ice            30%        1d5       17%         3
 Gell's Gravitas          Tloc           15%        N/A       17%         3
 Hailstorm                Conj/Ice       15%        3d5       17%         3
 Inner Flame              Hex/Fire       22%        N/A       17%         3
 Swiftness                Air            15%        N/A       17%         3
 Teleport Other           Tloc           15%        N/A       17%         3
 Tukima's Dance           Hex            15%        N/A       17%         3
 Vampiric Draining        Necr           15%        2d7       17%         3
 Vhi's Electric Charge    Tloc/Air       30%        N/A       17%         3
 Petrify                  Tmut/Erth      25%        N/A       21%         4
 Anguish                  Hex/Necr       7%         N/A       50%         4
 Cause Fear               Hex            7%         N/A       50%         4
 Dispel Undead            Necr           15%        3d10      50%         4
 Flame Wave               Conj/Fire      22%        2d8       50%         4
 Fulminant Prism          Conj/Hex       7%         3d7       50%         4
 Leda's Liquefaction      Hex/Erth       7%         N/A       50%         4
 Passage of Golubria      Tloc           15%        N/A       50%         4
 Sticky Flame             Conj/Fire      22%        2d4       50%         4
 Yara's Violent Unravell  Hex/Tmut       12%        3d7       50%         5
 Arcjolt                  Conj/Air       7%         1d17      85%         5
 Lee's Rapid Deconstruct  Erth           7%         3d7*      85%         5
 Metabolic Englaciation   Hex/Ice        7%         N/A       85%         5
 Silence                  Hex/Air        7%         N/A       85%         5
 Eringya's Noxious Bog    Tmut/Pois      12%        N/A       97%         6
 Statue Form              Tmut/Erth      16%        N/A       97%         6
 Dragon Form              Tmut           17%        N/A       99%         7
 Conjure Ball Lightning   Conj/Air       7%         3x3d6     100%        6
 Death Channel            Necr           7%         N/A       100%        6
 Orb of Destruction       Conj           7%         9d6       100%        7
 Discord                  Hex            7%         N/A       100%        8
 Disjunction              Tloc           7%         N/A       100%        8
 Lehudib's Crystal Spear  Conj/Erth      7%         10d3      100%        8
 Maxwell's Capacitive Co  Air            7%         ∞         100%        8


Dungeon Overview and Level Annotations

Branches:
Dungeon (15/15)            Temple (0/1) D:5            Lair (5/5) D:8
 Shoals (4/4) Lair:3       Spider (4/4) Lair:3        Slime (0/5) Lair:4
    Orc (2/2) D:12            Elf (0/3) Orc:2        Vaults (5/5) D:13
  Crypt (0/3) Vaults:2     Depths (0/4) D:15         Bailey (visited)
 WizLab (visited)         Gauntlet (visited)

Altars:
Ashenzari
Cheibriados
Dithmenos
Gozag
Makhleb
Nemelex Xobeh
Okawaru
Qazlal
Ru
Sif Muna
Trog
Vehumet
Wu Jian
Xom
The Shining One
Jiyva

Shops:
D:3 =   D:11 ?*[[(   D:15 [   Orc:2 :[*=   Shoals:4 *   Vaults:1 ??
Vaults:3 *

Annotations:
D:7 1 runed translucent door, Darkkill's ghost, novice MiHu
D:11 3 runed translucent doors, bande's ghost, novice GrFi
Shoals:3 2 transporters, Juakinleluo's ghost, adept HOFE


Innate Abilities, Weirdness & Mutations

You have razor-sharp teeth.
Your natural rate of healing is unusually fast.
When hurt, damage is shared between your health and your magic reserves.
Your bite disrupts and absorbs the magic of your enemies.
Potions cannot restore your health.
You are vulnerable to heat. (rF-)


Message History

You block the bone dragon's attack.
The bone dragon tramples you but does no damage.
You block the fire crab's attack. The fire crab completely misses you.
You barely miss the bone dragon. Your bite misses the bone dragon.
The bone dragon is almost destroyed.
A starcursed mass splits.
Your cactus giant is engulfed in blazing flames.
Your cactus giant hits the bone dragon with a +0 giant spiked club.
The starcursed mass is engulfed in blazing flames.
The starcursed mass is struck by your cactus giant's spines.
The starcursed mass touches your cactus giant!
The starcursed mass shudders and is absorbed by its neighbour.
You bludgeon the bone dragon!!
You destroy the bone dragon!
You catch the helpless fire crab completely off-guard!
You sock the fire crab!
The fire crab is poisoned.
The fire crab is moderately wounded.
The fire crab breathes flames at you. The blast of flame misses you.
A bone dragon comes into view.
A deafening chorus of shrieks assaults your mind!
* * * LOW HITPOINT WARNING * * *
You suddenly lose the ability to move!
A starcursed mass splits.
The fire crab barely misses you. The fire crab claws you!
* * * LOW HITPOINT WARNING * * *
You are engulfed in flames.
You resist.
* * * LOW HITPOINT WARNING * * *
Your cactus giant is engulfed in blazing flames.
The starcursed mass is struck by your cactus giant's spines.
The starcursed mass is destroyed!
A deafening chorus of shrieks assaults your mind!
* * * LOW HITPOINT WARNING * * *
You shrug off the repeated paralysis!
You can move again.
Blink to where?
Press: ? - help, Dir - move target
As you read the scroll of blinking, it crumbles to dust.
A chorus of shrieks assaults your mind.
You die...
Your body crumbles into a pile of gold.

$ ##. .
$.D##..##. #
#DXXCt#.#.
.....#$°.#.###
### X.###....#
#.X#X##....#
#.#.#X.○☼○## #
......☼○##.#
##..#.###@°.#
#§○.# .#.#..#
.. ...## .##
#### ##


You could see a bone dragon and 3 starcursed masses.

Vanquished Creatures
  Mennas (Vaults:3)
  Nikola (Shoals:3)
  A golden dragon (Vaults:5)
  2 bone dragons (Abyss:3)
  Arachne (Spider:4)
  2 tentacled monstrosities (Vaults:5)
  Rupert (D:14)
  Mlioglotl (Spider:4)
  A walking crystal tome (WizLab)
  Jorgrun (Orc:2)
  2 titans (Vaults:5)
  Asterion (Vaults:3)
  A lich (Abyss:3)
  A quicksilver dragon (Vaults:5)
  4 tentacled starspawn (Abyss:3)
  Polyphemus (Shoals:2)
  A kraken (Shoals:3)
  Frances (D:14)
  A strange machine (WizLab)
  2 shadow dragons (Vaults:5)
  A storm dragon (Vaults:5)
  A tengu reaver (Vaults:3)
  Donald (Shoals:4)
  A fire giant (Vaults:5)
  9 vault wardens
  An emperor scorpion (Spider:3)
  A deep elf sorcerer (Abyss:3)
  2 frost giants
  6 ghost moths
  Louise (D:14)
  An orc warlord (Vaults:4)
  A cacodemon (Gauntlet)
  3 broodmothers
  15 ironbound preservers
  9 ironbound thunderhulks
  An ophan (Abyss:3)
  A very ugly thing (Vaults:3)
  A deep elf demonologist (Vaults:1)
  A dire elephant (Lair:5)
  A vampire knight (Vaults:2)
  A lorocyproca (Abyss:3)
  A minotaur (Gauntlet)
  2 starcursed masses (Abyss:3)
  2 spark wasps
  9 yaktaur captains
  A green death (Gauntlet)
  An ettin (Vaults:5)
  5 merfolk impalers
  5 merfolk javelineers
  7 great orbs of eyes
  A jiangshi (Vaults:2)
  3 entropy weavers
  Erolcha (Orc:1)
  4 rakshasas (WizLab)
  An ogre mage (D:15)
  A salamander tyrant (D:13)
  24 vault guards
  2 radroaches
  2 merfolk avatars (Shoals:2)
  8 boulder beetles
  8 hydras
  3 catoblepae
  3 satyrs (Shoals:3)
  2 tengu warriors
  A jorogumo (Spider:4)
  6 ironbound frosthearts
  5 merfolk aquamancers
  9 dancing weapons
  A death scarab (Spider:1)
  25 death yaks
  A deep troll shaman (Lair:5)
  A vampire mage (Vaults:2)
  13 two-headed ogres
  15 centaur warriors
  Urug (Orc:2)
  5 orc high priests
  7 thrashing horrors (Abyss:3)
  A storm dragon zombie (Vaults:4)
  Nergalle (Lair:1)
  Sonja (Lair:2)
  2 soul eaters
  2 salamander mystics (D:13)
  4 wretched stars (Abyss:3)
  A fire crab (D:14)
  3 pharaoh ants
  A skeletal warrior (D:14)
  8 skysharks
  A flayed ghost (Abyss:3)
  A spatial maelstrom (Abyss:3)
  An anaconda zombie (Abyss:3)
  5 sun moths
  A swamp dragon (Abyss:3)
  16 orc knights
  35 deep trolls
  11 sea snakes
  6 wizards
  3 orb spiders
  2 necromancers
  2 phantasmal warriors
  9 ironbound convokers
  6 steelbarb worms
  A deep elf zephyrmancer (D:15)
  10 lindwurms
  24 wolf spiders
  20 ugly things
  24 harpies
  A deep elf pyromancer (D:14)
  5 orc sorcerers
  11 cyclopes
  3 fauns (Shoals:3)
  19 manticores
  A shining eye (shapeshifter) (Vaults:2)
  A worldbinder (Abyss:3)
  4 salamanders (D:13)
  An elf zombie (Vaults:4)
  2 moths of wrath
  15 vault sentinels
  4 merfolk sirens
  17 elephants
  Joseph (D:7)
  6 black mambas
  Maurice (D:8)
  2 orange demons (Gauntlet)
  5 smoke demons (Abyss:3)
  A centaur zombie (Abyss:3)
  10 demonic crawlers
  4 water nymphs
  9 torpor snails
  3 naga magi (D:15)
  2 centaur skeletons (D:15)
  11 cane toads
  3 gargoyles
  Maggie (D:8)
  3 unseen horrors
  2 kobold demonologists
  4 efreet
  5 rime drakes
  3 freezing wraiths
  A rime drake (shapeshifter) (D:10)
  11 komodo dragons
  24 yaktaurs
  An elf skeleton (Vaults:4)
  5 ancient zymes (Abyss:3)
  2 tengu conjurers (D:15)
  7 meliai
  3 polar bears
  12 trolls
  24 merfolk
  A queen bee (D:14)
  14 blink frogs
  A wolf spider simulacrum (D:15)
  2 wind drakes (shapeshifter)
  4 hornets
  4 wind drakes
  Prince Ribbit (D:5)
  23 tarantellas
  13 dream sheep
  11 snapping turtles
  12 raiju (Abyss:3)
  Sigmund (D:3)
  19 slime creatures
  12 spriggans (Lair:3)
  A centaur simulacrum (D:11)
  36 jumping spiders
  23 culicivoras
  3 vampires
  A wyvern (shapeshifter) (Vaults:5)
  3 wraiths
  2 fire bats (Abyss:3)
  4 ynoxinuls (Abyss:3)
  Grum (Lair:1)
  12 water elementals
  5 wyverns
  54 yaks
  4 basilisks
  2 chaos spawn (Abyss:3)
  A steam dragon (Lair:4)
  3 neqoxecs
  23 redbacks
  11 vampire mosquitoes
  17 large abominations (Abyss:3)
  2 wargs (Orc:1)
  An acid dragon (D:14)
  A two-headed ogre skeleton (Abyss:3)
  Duvessa (D:7)
  42 orc warriors
  12 water moccasins
  A floating eye (shapeshifter) (Vaults:2)
  An ogre skeleton (Vaults:4)
  A black bear (Lair:5)
  A human skeleton (Vaults:4)
  5 ogres
  8 centaurs
  6 boggarts
  20 wolves
  10 small abominations (Abyss:3)
  13 bullfrogs
  4 gnoll sergeants
  3 scorpions
  5 wights
  A hornet simulacrum (D:14)
  Dowan (D:7)
  15 killer bees
  3 howler monkeys (D:11)
  A crimson imp (Abyss:3)
  2 electric eels
  A quasit (Abyss:3)
  4 hounds
  17 orc priests
  4 gnoll boudas
  2 jellies
  An iron imp (Abyss:3)
  2 sleepcaps
  6 iguanas
  13 orc wizards
  19 gnolls
  8 adders
  2 shadow imps (Gauntlet)
  4 white imps
  4 ufetubi
  4 worms
  3 dart slugs
  53 orcs
  10 ball pythons
  11 endoplasms
  5 giant cockroaches
  3 goblins (D:1)
  7 hobgoblins
  7 jackals
  3 quokkas
  3 bats
  3 frilled lizards
  6 kobolds
  4 rats
  2 bushes
  4 starspawn tentacles (Abyss:3)
  A tentacle (Shoals:3)
1424 creatures vanquished.

Vanquished Creatures (collateral kills)
  A tentacled monstrosity (Vaults:5)
  A sphinx (Vaults:5)
  An ettin (Vaults:5)
  5 vault guards (Vaults:5)
  2 harpies (Vaults:3)
  A starcursed mass (Abyss:3)
  A vault sentinel (Vaults:2)
  A chaos spawn (Abyss:3)
13 creatures vanquished.

Vanquished Creatures (others)
  2 war gargoyles (Vaults:5)
  A very ugly thing (Vaults:5)
  3 vault guards (Vaults:5)
  A yaktaur captain (Vaults:5)
  An ogre mage (Vaults:5)
  A hell knight (Vaults:5)
  An ironbound convoker (Vaults:5)
  A harpy (Vaults:5)
  3 yaktaurs
  A freezing wraith (Vaults:5)
  A slime creature (D:14)
  A centaur simulacrum (D:14)
  A culicivora (Spider:3)
  2 boggarts (Vaults:1)
  103 fungi
  286 plants
  8 starspawn tentacles (Abyss:3)
  7 tentacles (Shoals:3)
  A withered plant (Gauntlet)
425 creatures vanquished.

Grand Total: 1862 creatures vanquished

Notes
Turn   | Place    | Note
-------+----------+-------------------------------------------
     0 | D:1      | DeathPants the Vine Stalker Fighter began the quest for the
                  | Orb.
     0 | D:1      | Reached XP level 1. HP: 11/11 MP: 2/2
    72 | D:1      | Reached XP level 2. HP: 7/16 MP: 3/3
   407 | D:1      | Reached XP level 3. HP: 14/19 MP: 2/4
  1160 | D:2      | Gained mutation: Your natural rate of healing is unusually
                  | fast. [Vine Stalker growth]
  1160 | D:2      | Reached XP level 4. HP: 24/24 MP: 5/5
  1314 | D:3      | Noticed Sigmund
  1809 | D:3      | Killed Sigmund
  1810 | D:3      | Reached XP level 5. HP: 28/28 MP: 6/6
  1810 | D:3      | Reached XP level 6. HP: 32/32 MP: 7/7
  1850 | D:3      | Found a shimmering blue altar of Sif Muna.
  1879 | D:3      | Found a stormy altar of Qazlal.
  2018 | D:3      | Found Decull's Jewellery Shop.
  2045 | D:3      | Found an opulent altar of Gozag.
  2045 | D:3      | Found a sparkling altar of Nemelex Xobeh.
  2055 | D:3      | Became a worshipper of Gozag Ym Sagoz the Greedy
  2191 | D:4      | Found the +3 salamander hide armour {Flames, rFlCloud rF++
                  | rC--}
  2328 | D:5      | Entered Level 5 of the Dungeon
  2461 | D:4      | Found a broken altar of Ashenzari.
  2733 | D:4      | Reached XP level 7. HP: 37/37 MP: 8/8
  3086 | D:5      | Reached skill level 5 in Maces & Flails
  3157 | D:5      | Found a staircase to the Ecumenical Temple.
  3191 | D:5      | Noticed Prince Ribbit
  3199 | D:5      | Killed Prince Ribbit
  3200 | D:5      | Gained mutation: You have razor-sharp teeth. [Vine Stalker
                  | growth]
  3200 | D:5      | Reached XP level 8. HP: 35/42 MP: 6/9
  3459 | D:5      | Reached skill level 1 in Dodging
  3797 | D:6      | Reached skill level 5 in Fighting
  3797 | D:6      | Reached skill level 5 in Shields
  4256 | D:7      | Reached XP level 9. HP: 47/47 MP: 10/10
  4419 | D:7      | Noticed Joseph
  4428 | D:7      | Killed Joseph
  4524 | D:8      | Noticed Maurice
  4528 | D:8      | Killed Maurice
  4662 | D:7      | Found a runed translucent door.
  4662 | D:7      | Found a shimmering altar of Xom.
  4662 | D:7      | Noticed Darkkill's ghost (novice MiHu)
  4663 | D:7      | Noticed a +0 mace of chaos
  4687 | D:7      | Found a snail-covered altar of Cheibriados.
  4687 | D:7      | Found a radiant altar of Vehumet.
  4693 | D:7      | Found a sacrificial altar of Ru.
  4695 | D:7      | Found a shadowy altar of Dithmenos.
  4696 | D:7      | Found an ornate altar of the Wu Jian Council.
  4698 | D:7      | Found a burning altar of Makhleb.
  4702 | D:7      | Found an iron altar of Okawaru.
  4998 | D:7      | Noticed Duvessa
  4998 | D:7      | Noticed Dowan
  5003 | D:7      | Killed Duvessa
  5004 | D:7      | Reached XP level 10. HP: 45/53 MP: 9/11
  5005 | D:7      | Killed Dowan
  5419 | D:8      | Found a staircase to the Lair.
  5552 | D:8      | Noticed Maggie
  5559 | D:8      | Killed Maggie
  5628 | D:9      | Identified the amulet "Doka" {Spirit Int+2}
  5786 | D:9      | Reached skill level 1 in Spellcasting
  5868 | D:10     | Entered Level 10 of the Dungeon
  6403 | D:10     | Found a flagged portal.
  6417 | D:10     | Killed an unseen horror
  6430 | Bailey   | Entered a bailey
  6502 | Bailey   | Reached XP level 11. HP: 57/58 MP: 16/16
  6506 | Bailey   | Reached skill level 5 in Dodging
  6640 | Bailey   | Reached skill level 10 in Maces & Flails
  6698 | Bailey   | Noticed an orc knight
  6703 | Bailey   | Killed an orc knight
  6828 | Bailey   | Acquired the +3 warlock's mirror {omnireflect}
  6828 | Bailey   | Found the +3 warlock's mirror {omnireflect}
  6864 | D:9      | Noticed a two-headed ogre
  6870 | D:9      | Killed a two-headed ogre
  7211 | D:11     | Found Wecwucw's Magic Scroll Emporium.
  7223 | D:11     | Bought a scroll of identify for 30 gold pieces
  7223 | D:11     | Bought a scroll of identify for 30 gold pieces
  7223 | D:11     | Bought a scroll of teleportation for 45 gold pieces
  7223 | D:11     | Bought 3 scrolls of enchant weapon for 337 gold pieces
  7223 | D:11     | Bought a scroll of enchant weapon for 112 gold pieces
  7223 | D:11     | Bought a scroll of enchant weapon for 112 gold pieces
  7238 | D:11     | Found Miroaxeb's Antique Armour Boutique.
  7330 | D:12     | Found a bloodstained altar of Trog.
  7460 | D:11     | Bought a runed helmet for 172 gold pieces
  7460 | D:11     | Bought a pair of boots for 103 gold pieces
  7484 | D:11     | Noticed a manticore
  7485 | D:11     | Found a runed translucent gate.
  7485 | D:11     | Found a runed translucent gate.
  7485 | D:11     | Found a runed translucent gate.
  7488 | D:11     | Noticed bande's ghost (novice GrFi)
  7492 | D:11     | Killed a manticore
  7561 | D:11     | Found Fydeagg's Armour Emporium.
  7584 | D:11     | Found Imym's Weapon Shop.
  7611 | D:11     | Noticed a cyclops
  7620 | D:11     | Killed a cyclops
  7621 | D:11     | Reached skill level 5 in Spellcasting
  7660 | D:11     | Found Uzietz's General Store.
  7695 | D:11     | Bought a scroll of fog for 48 gold pieces
  7695 | D:11     | Bought 2 potions of haste for 240 gold pieces
  7695 | D:11     | Bought a scroll of enchant armour for 90 gold pieces
  7783 | D:11     | Noticed a cyclops
  7783 | D:11     | Noticed a two-headed ogre
  7786 | D:11     | Noticed a two-headed ogre
  7866 | D:11     | Noticed a two-headed ogre
  7866 | D:11     | Killed a cyclops
  7867 | D:11     | Reached XP level 12. HP: 17/65 MP: 4/21
  7897 | D:11     | Killed a two-headed ogre
  7901 | D:11     | Killed a two-headed ogre
  7904 | D:11     | Killed a two-headed ogre
  7926 | D:11     | Noticed a boulder beetle
  7930 | D:11     | Noticed a boulder beetle
  7939 | D:11     | Killed a boulder beetle
  7959 | D:11     | Killed a boulder beetle
  8451 | D:11     | Found a viscous altar of Jiyva.
  8675 | D:12     | Noticed a two-headed ogre
  8680 | D:12     | Killed a two-headed ogre
  8786 | D:12     | Found a staircase to the Orcish Mines.
  8876 | D:12     | Noticed a boulder beetle
  8891 | D:12     | Killed a boulder beetle
  8962 | D:13     | Reached XP level 13. HP: 70/70 MP: 24/24
  9417 | Lair:1   | Entered Level 1 of the Lair of Beasts
  9418 | Lair:1   | Noticed Nergalle
  9427 | Lair:1   | Killed Nergalle
  9500 | Lair:1   | Noticed Grum
  9507 | Lair:1   | Killed Grum
  9874 | D:3      | Bought a +4 ring of slaying for 1092 gold pieces
 10398 | Lair:1   | Reached skill level 10 in Fighting
 11153 | Lair:2   | Reached XP level 14. HP: 63/77 MP: 20/27
 11395 | Lair:2   | Noticed Sonja
 11404 | Lair:2   | Killed Sonja
 11818 | Lair:2   | Learned a level 2 spell: Wereblood
 12050 | Lair:2   | Reached skill level 1 in Transmutations
 12053 | Lair:2   | Identified the +8 mace of Hubris {heavy, Dex+3}
 12802 | Lair:3   | Found a hole to the Spider Nest.
 13209 | Lair:4   | Found a staircase to the Slime Pits.
 13525 | Lair:3   | Found a staircase to the Shoals.
 13801 | Lair:4   | Reached skill level 10 in Spellcasting
 13852 | Lair:4   | Found a viscous altar of Jiyva.
 13951 | Lair:5   | Entered Level 5 of the Lair of Beasts
 13961 | Lair:5   | Found a gate leading to a gauntlet.
 13968 | Gauntlet | Entered a Gauntlet
 13968 | Gauntlet | Found a transporter.
 13968 | Gauntlet | Found a transporter.
 13969 | Gauntlet | Found a transporter.
 13972 | Gauntlet | Found a transporter.
 13972 | Gauntlet | Found a transporter.
 13973 | Gauntlet | Found a transporter.
 13985 | Gauntlet | Found a transporter.
 13987 | Gauntlet | Found a transporter.
 13989 | Gauntlet | Found a transporter.
 13994 | Gauntlet | Found a transporter.
 14006 | Gauntlet | Found a transporter.
 14009 | Gauntlet | Noticed a cacodemon
 14013 | Gauntlet | Found a transporter.
 14120 | Gauntlet | Identified the ring of the Seven Allies {EV+5 Str+3 Int+8
                  | Dex-2 Stlth+}
 14135 | Gauntlet | Killed a cacodemon
 14136 | Gauntlet | Reached XP level 15. HP: 40/83 MP: 30/30
 14199 | Gauntlet | Identified the +0 ring mail of Keel {rElec rCorr Stlth-}
 14306 | Lair:5   | Reached skill level 5 in Transmutations
 14396 | Lair:4   | Reached skill level 10 in Dodging
 16304 | D:13     | Found a gate to the Vaults.
 16312 | D:13     | Reached skill level 5 in Armour
 16489 | D:14     | Noticed Rupert
 16500 | D:14     | Killed Rupert
 16628 | D:14     | Reached XP level 16. HP: 77/90 MP: 25/32
 16648 | D:14     | Identified the ring of Ukois {rF+ Stlth+}
 16649 | D:14     | Identified the +10 flail of the Vase {venom, Str+2}
 16649 | D:14     | Noticed Louise
 16653 | D:14     | Noticed Frances
 16741 | D:14     | Killed Louise
 16752 | D:14     | Killed Frances
 17169 | D:13     | Identified the +5 leather armour of Xiok {rF+, *Corrode
                  | Str+3 Int+6 Dex+3}
 17257 | D:14     | Found a glowing golden altar of the Shining One.
 17326 | D:15     | Entered Level 15 of the Dungeon
 17454 | D:14     | Got Iskenderun's Folio of Outbursts
 18482 | D:15     | Found Megunagh's Antique Armour Shop.
 18487 | D:15     | Bought a pair of runed gloves for 247 gold pieces
 18535 | D:15     | Found a staircase to the Depths.
 18914 | Orc:1    | Entered Level 1 of the Orcish Mines
 18963 | Orc:1    | Noticed Erolcha
 18982 | Orc:1    | Killed Erolcha
 19138 | Orc:1    | Reached XP level 17. HP: 92/96 MP: 35/35
 19345 | Orc:2    | Entered Level 2 of the Orcish Mines
 19349 | Orc:2    | Found a shimmering altar of Xom.
 19438 | Orc:2    | Noticed Urug
 19539 | Orc:2    | Killed Urug
 19673 | Orc:2    | Found a staircase to the Elven Halls.
 19782 | Orc:2    | Found Nyff's Jewellery Shoppe.
 19788 | Orc:2    | Found Teraezxo's General Store.
 19810 | Orc:2    | Found Zeluthript's Antique Armour Boutique.
 19830 | Orc:2    | Found Xuest's Book Shoppe.
 19875 | Orc:2    | Bought a scroll of blinking for 82 gold pieces
 19875 | Orc:2    | Bought a potion of haste for 110 gold pieces
 19875 | Orc:2    | Bought a scroll of identify for 22 gold pieces
 19875 | Orc:2    | Bought a scroll of enchant weapon for 82 gold pieces
 19877 | Orc:2    | Bought the ring "Peokim" {+Blink rElec rN+ Slay+3} for 536
                  | gold pieces
 19924 | Orc:2    | Bought a pair of transparent boots for 228 gold pieces
 19924 | Orc:2    | Identified the +1 pair of boots of Buhuosur {+Inv Str-3
                  | Int+2} (You bought it in a shop on level 2 of the Orcish
                  | Mines)
 19959 | Orc:2    | Noticed Jorgrun
 19973 | Orc:2    | Killed Jorgrun
 20573 | Spider:1 | Entered Level 1 of the Spider Nest
 21603 | Spider:2 | You fall into a shaft and drop 1 floor!
 21610 | Spider:4 | Entered Level 4 of the Spider Nest
 23024 | Spider:4 | Reached XP level 18. HP: 102/102 MP: 0/37
 23260 | Spider:4 | Noticed Arachne
 23276 | Spider:4 | Killed Arachne
 23648 | Spider:4 | Noticed Mlioglotl
 23665 | Spider:4 | Killed Mlioglotl
 23706 | Spider:4 | Reached skill level 15 in Fighting
 23832 | Spider:4 | Identified the scarf of Quiet Fog {shadows, rPois Str+5}
 23852 | Spider:4 | Got a gossamer rune of Zot
 24255 | D:11     | Bought the +9 mace "Vapairgh" {freeze, Fly Dex+6} for 793
                  | gold pieces
 24413 | Shoals:1 | Entered Level 1 of the Shoals
 24875 | Shoals:1 | Found Otrat's Distillery.
 25363 | Shoals:3 | Noticed Nikola
 25366 | Shoals:3 | Reached skill level 15 in Spellcasting
 25397 | Shoals:3 | Killed Nikola
 25636 | Shoals:2 | Noticed Polyphemus
 25649 | Shoals:2 | Killed Polyphemus
 25652 | Shoals:2 | Reached skill level 10 in Armour
 26366 | Orc:2    | Bought a book of the Dragon for 644 gold pieces
 26366 | Orc:2    | Bought a Fen Folio for 588 gold pieces
 26378 | Orc:2    | Learned a level 7 spell: Summon Hydra
 26385 | Orc:2    | Learned a level 6 spell: Summon Cactus Giant
 26677 | Shoals:3 | Reached skill level 1 in Summonings
 26679 | Shoals:3 | Found a transporter.
 26682 | Shoals:3 | Found a transporter.
 26682 | Shoals:3 | Noticed Juakinleluo's ghost (adept HOFE)
 26692 | Shoals:3 | Acquired the amulet "Rebeph" {Reflect Rampage rPois rF+
                  | Dex+2 SH+5}
 26804 | Shoals:3 | Reached XP level 19. HP: 99/108 MP: 39/39
 26954 | Shoals:3 | Reached skill level 5 in Summonings
 27016 | Shoals:4 | Entered Level 4 of the Shoals
 27443 | Shoals:4 | Found Sebezxee's Gadget Gallery.
 27667 | Shoals:4 | Noticed Donald
 27676 | Shoals:4 | Killed Donald
 28018 | Shoals:4 | Got a barnacled rune of Zot
 28109 | Shoals:4 | Identified the staff of air "Xeter" {rElec Str+6}
 28330 | Shoals:4 | Identified the ring "Kuopsooq" {rElec Will+ Str+5 Dex+5}
 28709 | Vaults:1 | Entered Level 1 of the Vaults
 28721 | Vaults:1 | Found Kyulopnio's Magic Scroll Shop.
 28731 | Vaults:1 | Bought a scroll of teleportation for 57 gold pieces
 28731 | Vaults:1 | Bought 2 scrolls of enchant armour for 285 gold pieces
 28731 | Vaults:1 | Bought a scroll of magic mapping for 142 gold pieces
 28731 | Vaults:1 | Bought a scroll of teleportation for 57 gold pieces
 28731 | Vaults:1 | Bought a scroll of magic mapping for 142 gold pieces
 29014 | Vaults:1 | Reached skill level 10 in Summonings
 29696 | Vaults:2 | Found a magical portal.
 29701 | WizLab   | Entered Tukima's Studio
 29881 | WizLab   | Got the Parchment of Misfortune
 29919 | WizLab   | Reached XP level 20. HP: 95/113 MP: 34/40
 30393 | Vaults:1 | Found Fedd's Magic Scroll Shop.
 30431 | Vaults:1 | Bought a scroll of fog for 44 gold pieces
 30431 | Vaults:1 | Bought a scroll of fog for 44 gold pieces
 30431 | Vaults:1 | Bought a scroll of blinking for 82 gold pieces
 30431 | Vaults:1 | Bought a scroll of fear for 44 gold pieces
 30886 | Vaults:3 | Noticed Asterion
 30897 | Vaults:3 | Killed Asterion
 31463 | Vaults:2 | Found a staircase to the Crypt.
 31921 | Vaults:3 | Reached skill level 15 in Summonings
 31985 | Vaults:3 | Noticed Mennas
 32011 | Vaults:3 | Killed Mennas
 32725 | Vaults:3 | Found Ywebb's Assorted Antiques.
 33152 | Vaults:4 | Reached XP level 21. HP: 120/120 MP: 41/41
 33222 | Vaults:4 | Learned a level 9 spell: Dragon's Call
 33567 | Vaults:5 | Entered Level 5 of the Vaults
 33802 | Vaults:5 | Noticed a golden dragon
 33816 | Vaults:5 | Killed a golden dragon
 33845 | Abyss:3  | Cast into level 3 of the Abyss (tengu reaver)
 33931 | Abyss:3  | Found a corrupted altar of Lugonu.
 33974 | Abyss:3  | Found a corrupted altar of Lugonu.
 34075 | Abyss:3  | Found a corrupted altar of Lugonu.
 34118 | Abyss:3  | Noticed a bone dragon
 34140 | Abyss:3  | Killed a bone dragon
 34214 | Abyss:3  | Gained mutation: You are vulnerable to heat. (rF-) [a
                  | neqoxec]
 34426 | Abyss:3  | Reached XP level 22. HP: 123/127 MP: 39/42
 34627 | Abyss:3  | Found a corrupted altar of Lugonu.
 34659 | Abyss:3  | Found a corrupted altar of Lugonu.
 34859 | Abyss:3  | Found a corrupted altar of Lugonu.
 34927 | Abyss:3  | Paralysed by accursed screaming for 1 turns
 34928 | Abyss:3  | HP: 5/128 [fire crab (3)]
 34928 | Abyss:3  | HP: 1/128 [starcursed mass/accursed screaming (3)]
 34930 | Abyss:3  | Killed from afar by a starcursed mass

Illustrated notes

Levels and vault maps discovered:
D:1:      lemuel_arrival_rhombus, layout_loops_ring, minmay_tall_x
D:2:      minmay_wonky_spiral, layout_basic
D:3:      layout_rooms, grunt_temple_overflow_opulence,
          nicolae_qazlal_general_emergency, mainiacjoe_overflow_chevrons,
          serial_shops, shop, minmay_misc_feat_more_columns, uniq_sigmund
D:4:      minmay_general_purpose_star, layout_basic,
          nicolae_ashenzari_panopticon, grunt_ministairs_15
D:5:      layout_cave_pools, temple_pool_b, minivault_1, st_stairs_3,
          minmay_fractal_squares_gapless_5, uniq_prince_ribbit1
D:6:      layout_cave_pools
D:7:      layout_gridville, nicolae_overflow_hallway_of_the_gods,
          ebering_ghost_xom, uniq_joseph, uniq_duvessa
D:8:      layout_rooms, lair_entry_dummy, chequers_serial_rivers_marsh,
          minivault_14, minmay_misc_feat_cross, uniq_maurice, uniq_maggie
D:9:      layout_rooms
D:10:     layout_basic, enter_bailey_2
D:11:     layout_irregular_city, serial_shops, nicolae_stop_n_shop_2,
          nicolae_shop_stone, shop, shop_fountains, shop, gammafunk_ghost_ooze,
          nzn_random_ring
D:12:     layout_loops_cross, orc_0_dummy, trog_butcher_becter
D:13:     layout_irregular_city, erik_vaults_1,
          hellmonk_guarded_unrand_salamander
D:14:     minmay_the_grid_octo_tiled_octocenter
          [minmay_the_grid_octo_checkerflower, minmay_the_grid_octo_chip,
          minmay_the_grid_octo_clover, minmay_the_grid_octo_toaster,
          minmay_the_grid_octo_prize_ultimate_mussel_roller,
          minmay_the_grid_square_5x5_fat_x,
          minmay_the_grid_square_5x5_pentomino_r,
          minmay_the_grid_square_5x5_moneybag,
          minmay_the_grid_square_5x5_forky], layout_cave_pools,
          nicolae_tso_swordbearing_angel, nicolae_looking_at_the_future,
          uniq_louise, uniq_rupert, uniq_frances
D:15:     grunt_enter_depths_magical_seal, layout_loops_ring,
          corexii_leaking_fountain, serial_shops, shop
Lair:1:   layout_loops_ring, serial_bayou_lagoon_a, uniq_nergalle, uniq_grum
Lair:2:   nzn_winding_woodlands_stair_trap
          [nzn_winding_woodlands_5x15_sidewinder,
          nzn_winding_woodlands_5x15_pockets, nzn_winding_woodlands_5x15_zeroes,
          nzn_winding_woodlands_15x15_boxy_spiral,
          nzn_winding_woodlands_5x15_garden, nzn_winding_woodlands_5x15_parted,
          nzn_winding_woodlands_5x15_crooked], layout_small_grid, uniq_sonja
Lair:3:   kb_forest_paths, layout_regular_city, elwin_shoals_entry_rocks,
          hellmonk_spider_entry_life_and_decay, beast_lair_carwin_1
Lair:4:   layout_gridlike, slime_entry_1
Lair:5:   grunt_lair_end_beastmaster, layout_layer_cave, gauntlet_entry_generic,
          nicolae_lair_run_with_the_wolves
Shoals:1: layout_shoals, serial_shops, nicolae_shop_trees,
          nicolae_shoals_circle_sea_wall
Shoals:2: layout_shoals, nicolae_shoals_elemental_ambush, uniq_polyphemus
Shoals:3: layout_shoals, gammafunk_ghost_arena, uniq_nikola
Shoals:4: shoals_end_grunt_ice, layout_shoals, nicolae_shop_gadgets, uniq_donald
Spider:1: layout_spider_delve
Spider:2: layout_spider_delve
Spider:3: layout_cave_pods, spiders_nest_the_unseen
Spider:4: grunt_spider_rune_parallel, uniq_mlioglotl, uniq_arachne
Orc:1:    layout_diamond_mine, special_room [special_room_orc], uniq_erolcha
Orc:2:    st_orc_elflike, layout_caves, basic_altar, uniq_urug, uniq_jorgrun
Vaults:1: nicolae_vaults_gold_heap, v_misc_8, grunt_vaults_bifocal,
          vaults_room_mumra_shop_pool, nicolae_vaults_stairing_the_circle,
          vaults_dpeg_diagonal, nicolae_vaults_network_periphery,
          ontoclasm_vaults_decontamination, vaults_room_stairs_pillars,
          vaults_room_fours, nicolae_vaults_murderbox, ontoclasm_vaults_spin,
          nicolae_vaults_little_squares_3, dpeg_vaults_monster_row,
          layout_vaults_omnicross, serial_shops, shop
Vaults:2: mu_enter_wizlab_1, v_misc_15, ontoclasm_vaults_gateway,
          minmay_crypt_entry_simple_corners, vaults_room_door_ring,
          vaults_dpeg_doors, vaults_room_stairs_pillars,
          layout_vaults_quadrants, uniq_margery
Vaults:3: hangedman_vaults_restitches, nicolae_vaults_little_squares_1,
          ontoclasm_vaults_misaligned, hangedman_vaults_hat, v_misc_9,
          nicolae_vaults_little_squares_6, vaults_mumra_chevron_long,
          v_alt_pattern_1, hangedman_vaults_variations,
          nicolae_vaults_little_squares_3, vaults_room_door_ring,
          ontoclasm_vaults_hangar, ontoclasm_vaults_shuriken,
          vaults_room_ringed_pool, vaults_room_stairs_pillars, vaults_room_pool,
          layout_vaults_omnibox, serial_shops, shop_coins, uniq_mennas,
          uniq_asterion
Vaults:4: v_misc_26, v_alt_pattern_4, nicolae_vaults_alarming,
          ontoclasm_vaults_pinch, ontoclasm_vaults_loading_screen,
          nicolae_vaults_little_ls, vaults_standard_mumra_x, v_pattern_1,
          hangedman_vaults_snaps, nicolae_vaults_diagonal_hallway_9,
          layout_vaults_big_room
Vaults:5: uniq_saint_roka, uniq_frederick, uniq_jory
Abyss:3:  base: Vaults:2, evilmike_abyss_exit_3, bh_silent_lugonu_exit,
          nicolae_abyss_rune_star_stuff, bh_silent_lugonu_exit,
          hangedman_abyss_stitches_cave, hangedman_illusive_loot,
          evilmike_abyss_rune_elephants_shrine, spicy_abyss_planar_alliance,
          hangedman_abyss_theft, hangedman_abyss_theft,
          evilmike_abyss_rune_tso_outpost, grunt_abyss_exit_deep_breaths,
          doesnt_abyss_rune_brain_food, grunt_abyss_exit_deep_breaths

Skill      XL: |  1  2  3  4  5  6  7  8  9 10 11 12 13 14 15 16 17 18 19 20 21 |
---------------+----------------------------------------------------------------+-----
Maces & Flails | 2 3 4 5 6 8 9 11 12 13 14 | 14.2
Shields        | 3 4 5 6 |  6.5
Fighting       | 3 4 5 6 7 8 9 10 11 12 13 14 15 16 17 | 17.7
Armour         | 3 4 5 7 8 10 | 10.0
Dodging        | 2 3 4 6 7 8 9 10 11 12 13 14 | 14.9
Spellcasting   | 3 5 7 8 10 11 13 14 15 | 15.1
Transmutations | 4 5 |  5.0
Summonings     | 4 12 16 17 | 17.8

Action                     |  1- 3 |  4- 6 |  7- 9 | 10-12 | 13-15 | 16-18 | 19-21 | 22-24 || total
---------------------------+-------+-------+-------+-------+-------+-------+-------+-------++-------
  Melee: Flail             |   100 |    54 |    36 |       |       |   564 |   648 |   104 ||  1506
         Bite              |    18 |    15 |    16 |    74 |   182 |   362 |   474 |    66 ||  1207
         Morningstar       |       |       |     4 |   164 |   417 |    43 |       |       ||   628
         Whip              |       |       |       |       |       |    37 |       |       ||    37
         Mace              |       |       |       |       |       |   170 |   236 |       ||   406
   Cast: Wereblood         |       |       |       |       |     3 |    20 |    15 |     1 ||    39
         Summon Cactus Gia |       |       |       |       |       |       |    11 |     1 ||    12
 Invoke: Bribe Branch      |       |       |       |       |       |       |     1 |       ||     1
         Potion Petition   |       |       |       |       |       |       |       |     1 ||     1
  Evoke: Lightning rod     |       |       |       |       |       |       |     2 |       ||     2
    Use: Scroll            |       |    14 |     3 |    10 |     4 |     3 |     4 |     1 ||    39
         Potion            |       |     1 |       |     2 |     1 |     3 |     1 |       ||     8
   Stab: Distracted        |       |       |       |       |     4 |     8 |     8 |     1 ||    21
         Petrifying        |       |       |       |       |     3 |       |       |       ||     3
         Petrified         |       |       |       |       |     6 |       |       |       ||     6
         Sleeping          |       |       |       |       |       |     5 |     4 |       ||     9
         Paralysed         |       |       |       |       |       |       |     1 |       ||     1
         Invisible         |       |       |       |       |       |       |       |     1 ||     1
 Armour: Scale mail        |    40 |    23 |       |       |       |       |       |       ||    63
         Leather armour    |       |     3 |     8 |    39 |   123 |   182 |   171 |    18 ||   544
  Dodge: Dodged            |    40 |    25 |    44 |   143 |   300 |   670 |   586 |    61 ||  1869
  Block: Buckler           |    23 |    10 |    17 |    79 |   217 |   372 |   602 |    61 ||  1381
         Reflection        |       |       |       |     3 |     8 |    26 |   100 |     3 ||   140

Table legend: (Time is in decaauts)
 A = Elapsed time spent in this place.
 B = Non-inter-level travel time spent in this place.
 C = Inter-level travel time spent in this place.
 D = Time resting spent in this place.
 E = Time spent auto-exploring this place.
 F = Levels seen in this place.
 G = Mean time per level.
                   A        B        C        D        E       F      G
               +--------+--------+--------+--------+--------+-----+--------+
         Total |  34549 |  31734 |   2815 |    493 |  21655 |  39 |  885.9 |
       Dungeon |  12501 |  11252 |   1249 |    350 |   7797 |  15 |  833.4 |
          Lair |   6825 |   5991 |    834 |    143 |   4582 |   5 | 1365.0 |
        Shoals |   3551 |   3387 |    164 |      0 |   2424 |   4 |  887.8 |
   Spider Nest |   3425 |   3270 |    155 |      0 |   2230 |   4 |  856.2 |
  Orcish Mines |   1572 |   1325 |    247 |      0 |    983 |   2 |  786.0 |
        Vaults |   4612 |   4449 |    163 |      0 |   3004 |   5 |  922.4 |
         Abyss |   1042 |   1042 |      0 |      0 |    157 |   1 | 1042.0 |
        Bailey |    420 |    420 |      0 |      0 |    222 |   1 |  420.0 |
        Wizlab |    358 |    358 |      0 |      0 |    203 |   1 |  358.0 |
      Gauntlet |    240 |    240 |      0 |      0 |     51 |   1 |  240.0 |
               +--------+--------+--------+--------+--------+-----+--------+

Top non-repeatable levels by time:
  Lair:2: 1963 daAuts
  Lair:3: 1428 daAuts
Vaults:1: 1386 daAuts
    D:11: 1360 daAuts
  Lair:1: 1317 daAuts
Vaults:2: 1316 daAuts
Vaults:3: 1224 daAuts
  Lair:5: 1223 daAuts
Spider:3: 1126 daAuts
    D:12: 1055 daAuts
 Abyss:3: 1042 daAuts
Spider:4: 1022 daAuts
     D:7: 1022 daAuts
    D:14: 1005 daAuts
Shoals:3: 950 daAuts
